 Dungeon Crawl Stone Soup version 0.26-a0-690-gcb57259078 (webtiles) character file.

Game seed: 3746502831017691798

37 somkeydreadnuts the Stinger (level 3, -1/24 HPs)
             Began as a Formicid Venom Mage on Oct 25, 2020.
             Slain by a goblin
             ... wielding a +0 club
              (6 damage)
             ... on level 2 of the Dungeon.
             The game lasted 00:05:34 (1291 turns).

somkeydreadnuts the Stinger (Formicid Venom Mage)   Turns: 1291, Time: 00:05:35

Health: -1/24      AC:  2    Str: 12    XL:     3   Next: 60%
Magic:  0/6        EV: 12    Int: 15    God:
Gold:   105        SH:  0    Dex: 11    Spells: 5/6 levels left

rFire    . . .     SeeInvis +   d - +0 spear (vorpal)
rCold    . . .     Faith    .   (no shield)
rNeg     . . .     Spirit   .   a - +0 robe
rPois    .         Reflect  .   (helmet unavailable)
rElec    .         Harm     .   (no cloak)
rCorr    .         Rampage  .   (no gloves)
MR       .....                  (no boots)
Stlth    ++........             (no amulet)
HPRegen  0.08/turn              (no ring)
MPRegen  0.10/turn              (no ring)

@: no status effects
A: permanent stasis, dig shafts and tunnels, four strong arms, antennae 3
a: Dig, Shaft Self


You were on level 2 of the Dungeon.
You visited 1 branch of the dungeon, and saw 2 of its levels.

You collected 105 gold pieces.

Inventory:

Hand Weapons
 d - a +0 vorpal spear (weapon)
Missiles
 f - 17 stones (quivered)
Armour
 a - a +0 robe (worn)
Scrolls
 c - 3 scrolls of identify {unknown}
 g - a scroll of amnesia {unknown}
 l - a scroll of remove curse {unknown}
Potions
 b - a potion of resistance {unknown}
 e - a potion of lignification {unknown}
 h - a potion of flight {unknown}
 i - a potion of haste {unknown}
 j - 2 potions of degeneration {unknown}
 k - a potion of cancellation {unknown}
 m - 2 potions of ambrosia {unknown}
 n - a potion of curing {unknown}


   Skills:
 + Level 0.2 Polearms
 - Level 1.8 Dodging
 - Level 2.4 Stealth
 - Level 2.3 Spellcasting
 - Level 1.1 Transmutations
 + Level 5.5 Poison Magic


You had 5 spell levels left.
You knew the following spells:

 Your Spells              Type           Power        Failure   Level
a - Sting                 Tmut/Pois      ##..         5%          1

Your spell library contained the following spells:

 Spells                   Type           Power        Failure   Level
 Poisonous Vapours        Pois/Air       ##....       11%         2
 Olgreb's Toxic Radiance  Pois           ###.....     22%         4
 Ignite Poison            Fire/Tmut/Pois #.......     26%         3
 Mephitic Cloud           Conj/Pois/Air  #.......     30%         3


Dungeon Overview and Level Annotations

Branches:
Dungeon (2/15)

Altars:
Cheibriados


Innate Abilities, Weirdness & Mutations

You cannot be hasted, slowed, berserked, paralysed or teleported.
You can dig through walls and to a lower floor.
Your four strong arms can wield two-handed weapons with a shield.
You have a pair of large antennae on your head. (SInv)


Message History

Aiming: Sting (safe; 5% risk of failure)
Press: ? - help, Shift-Dir - straight line, f/p - worm
Aim: a worm (heavily wounded, very poisoned)
The sting hits the worm.
The worm looks as sick as possible!
The worm is severely wounded.
Unknown command.
You feel a bit more experienced.
Casting: Sting (safe; 5% risk of failure)
Confirm with . or Enter, or press ? or * to list all spells.
You can't see any susceptible monsters within range! (Use Z to cast anyway.)
Casting: Sting (safe; 5% risk of failure)
Confirm with . or Enter, or press ? or * to list all spells.
Aiming: Sting (safe; 5% risk of failure)
Press: ? - help, Shift-Dir - straight line, f - goblin
Aim: a goblin, wielding a +0 hunting sling and quivering 5 stones The sting misses the goblin.
Unknown command.
The goblin unwields a +0 hunting sling.
The goblin wields a +0 club.
The goblin hits you with a +0 club.
You die...

♣≈..#.......#†..##..#.....
#...........#.###.......
###.......#....####.....
#.............. ......
#.....#####...###(....
##.##.# ###...#.....
#....########........
###..##..............
#.@##.##.g.(.......
####.g#..##.###(##....
#.......##..###.....#.
#..###.#...............
#..................)...
...###...........#......
## #........>.###.....
##.##....### .....
......#### ..?..


You could see a goblin.

Vanquished Creatures
  A worm (D:2)
  A dart slug (D:2)
  2 leopard geckos
  An orc (D:2)
  A giant cockroach (D:1)
  3 goblins
  3 hobgoblins (D:1)
  A jackal (D:1)
  2 kobolds (D:1)
  5 bats
  4 frilled lizards
  3 rats (D:1)
27 creatures vanquished.

Notes
Turn   | Place    | Note
-------+----------+-------------------------------------------
     0 | D:1      | somkeydreadnuts the Formicid Venom Mage began the quest for
                  | the Orb.
     0 | D:1      | Reached XP level 1. HP: 13/13 MP: 3/3
   274 | D:1      | Reached XP level 2. HP: 19/19 MP: 1/5
   831 | D:1      | Reached skill level 5 in Poison Magic
   941 | D:1      | Reached XP level 3. HP: 24/24 MP: 3/6
  1079 | D:2      | Found a snail-covered altar of Cheibriados.
  1291 | D:2      | Slain by a goblin

Illustrated notes

Levels and vault maps discovered:
D:1:      dpeg_arrival_pits, layout_basic, roderic_lattice_a,
          minmay_small_reverse_x
D:2:      layout_rooms, cheibriados_altar_1, tgw_trog, serial_bayou_lake_a

Skill      XL: |  1  2 |
---------------+-------+-----
Poison Magic   | 5 |  5.5
Polearms       | |  0.2
Dodging        | |  1.8
Stealth        | |  2.4
Spellcasting   | |  2.3
Transmutations | |  1.1

Action                   || total
-------------------------++-------
Melee: Unarmed           ||     2
       Spear             ||    12
 Cast: Sting             ||    41
Armor: Robe              ||     4
Dodge: Dodged            ||    15

Table legend: (Time is in decaauts)
 A = Elapsed time spent in this place.
 B = Non-inter-level travel time spent in this place.
 C = Inter-level travel time spent in this place.
 D = Time resting spent in this place.
 E = Time spent auto-exploring this place.
 F = Levels seen in this place.
 G = Mean time per level.
                   A        B        C        D        E       F      G
               +--------+--------+--------+--------+--------+-----+--------+
         Total |   1291 |   1291 |      0 |      0 |    952 |   2 |  645.5 |
       Dungeon |   1291 |   1291 |      0 |      0 |    952 |   2 |  645.5 |
               +--------+--------+--------+--------+--------+-----+--------+

Top non-repeatable levels by time:
     D:1: 1079 daAuts
     D:2: 211 daAuts
